 Dungeon Crawl Stone Soup version 0.30-b1-2-g02819fbbbe (webtiles) character file.

Game seed: 462324371476688897

86 Mesmaeker13 the Conjurer (level 4, -2/24 HPs)
             Began as a Deep Elf Conjurer on July 26, 2023.
             Slain by Natasha (8 damage)
             ... on level 2 of the Dungeon.
             The game lasted 00:01:20 (1770 turns).

Mesmaeker13 the Conjurer (Deep Elf Conjurer)        Turns: 1770, Time: 00:01:20

Health: -2/24      AC:  2    Str:  4    XL:     4   Next: 26%
Magic:  10/12      EV: 13    Int: 25    God:
Gold:   116        SH:  0    Dex: 13    Spells: 8/11 levels left

rFire   . . .        j - +1 dagger (elec)
rCold   . . .        (no shield)
rNeg    . . .        a - +0 robe
rPois   .            (no helmet)
rElec   .            (no cloak)
rCorr   .            (no gloves)
SInv    .            (no boots)
Will    .....        (no amulet)
Stlth   ++           (no ring)
HPRegen 0.24/turn    (no ring)
MPRegen 0.13/turn

%: no passive effects
@: no status effects
A: no striking features
a: no special abilities


You were on level 2 of the Dungeon.
You visited 1 branch of the dungeon, and saw 2 of its levels.

You collected 116 gold pieces.

Inventory:

Hand Weapons
 j - a +1 dagger of electrocution (weapon)
Missiles
 d - 2 poisoned darts
Armour
 a - a +0 robe (worn)
Scrolls
 c - 2 scrolls of teleportation {unknown}
 f - 2 scrolls of noise {unknown}
 i - a scroll of brand weapon {unknown}
Potions
 b - a potion of magic
 e - a potion of haste {unknown}
 g - a potion of flight {unknown}
 h - a potion of brilliance {unknown}
 k - a potion of curing {unknown}


   Skills:
 + Level 3.7 Dodging
 - Level 2.4 Stealth
 + Level 4.3 Spellcasting
 + Level 5.1 Conjurations


You had 8 spell levels left.
You knew the following spells:

 Your Spells              Type           Power      Damage    Failure   Level
a - Magic Dart            Conj           100%       1d8       1%          1
b - Searing Ray           Conj           62%        2d6       1%          2

Your spell library contained the following spells:

 Spells                   Type           Power      Damage    Failure   Level
 Dazzling Flash           Conj/Hex       36%        N/A       10%         3
 Fulminant Prism          Conj/Hex       9%         3d7       30%         4
 Iskenderun's Mystic Bla  Conj/Tloc      18%        2d6       30%         4


Dungeon Overview and Level Annotations

Branches:
Dungeon (2/15)

Altars:

Annotations:
D:2 Natasha


Message History

Press: ? - help, Shift-Dir - straight line, f - goblin
Aim: a goblin, wielding a +0 dagger (asleep, 100% to hit)
The magic dart hits the goblin.
You kill the goblin!
Casting: Magic Dart (safe; 1% risk of failure)
Confirm with . or Enter, or press ? or * to list all spells.
You can't see any susceptible monsters within range! (Use Z to cast anyway.)
You see here a +0 dagger.
k - a clear potion Natasha, Servant of Life and Death comes into view.
She is carrying a wand of light (6).
Casting: Magic Dart (safe; 1% risk of failure)
Confirm with . or Enter, or press ? or * to list all spells.
Aiming: Magic Dart (safe; 1% risk of failure)
Press: ? - help, Shift-Dir - straight line, f - Natasha
Aim: Natasha, carrying a wand of light (6) (wandering, hasn't noticed you, 100% to hit)
The magic dart hits Natasha.
Natasha is lightly wounded.
Natasha hisses angrily.
Natasha hisses.
Casting: Magic Dart (safe; 1% risk of failure)
Confirm with . or Enter, or press ? or * to list all spells.
Aiming: Searing Ray (safe; 1% risk of failure)
Press: ? - help, Shift-Dir - straight line, f/p - Natasha
Aim: Natasha, carrying a wand of light (6) (lightly wounded, 74% to hit)
The searing ray hits Natasha!
Natasha is heavily wounded. (Press . to maintain the ray.) Natasha zaps a wand.
The bolt of light hits you!
You are confused.
Ouch! That really hurt!
Natasha mumbles some strange words.
Natasha casts a spell at you. The magic dart hits you!
* * * LOW HITPOINT WARNING * * *
The cerulean imp closely misses you.
Unknown command.
You're too confused to cast spells.
You feel less confused. Natasha claws you!
You die...

#.#######.##.#........# #.#[#
##.##...##.##.#........# #5#.#
.....†..'...#.#.######## #.#.#
##.##...##..#.#.# #.#.#
#...##..#h#.# #.#.#
#[..##..#.#.# #.#.#
#)..##..#.#.# #.#.#
######..#.#.# #.#.#
#.#######..#.#@###########.#.#
#..........#.h5............#.#
########...###.#############.#
#..#...# #.............).# #
#..#...# ################# #.
#.#..#...# #..##.#..#...#
##.......#...# .##.#.†..#.†.#


You could see Natasha and a cerulean imp (summoned).

Vanquished Creatures
  Natasha (D:2)
  2 adders (D:2)
  2 dart slugs (D:1)
  3 bats
  4 endoplasms
  2 giant cockroaches (D:1)
  3 goblins
  4 hobgoblins (D:1)
  3 kobolds
  3 quokkas
  4 ball pythons
  3 frilled lizards (D:1)
  4 rats
38 creatures vanquished.

Notes
Turn   | Place    | Note
-------+----------+-------------------------------------------
     0 | D:1      | Mesmaeker13 the Deep Elf Conjurer began the quest for the
                  | Orb.
     0 | D:1      | Reached XP level 1. HP: 10/10 MP: 6/6
   220 | D:1      | Reached XP level 2. HP: 15/15 MP: 4/8
   860 | D:1      | Reached XP level 3. HP: 19/19 MP: 6/10
  1078 | D:1      | Learned a level 2 spell: Searing Ray
  1496 | D:2      | Reached skill level 5 in Conjurations
  1623 | D:2      | Noticed Natasha
  1632 | D:2      | Killed Natasha
  1633 | D:2      | Reached XP level 4. HP: 24/24 MP: 8/12
  1759 | D:2      | Noticed Natasha
  1770 | D:2      | Slain by Natasha

Illustrated notes

Levels and vault maps discovered:
D:1:      enne_arrival_octagon_isle, layout_loops_ring, nrook_mini_backslash
D:2:      layout_basic, uniq_natasha

Skill      XL: |  1  2  3 |
---------------+----------+-----
Dodging        | 3 |  3.7
Spellcasting   | 4 |  4.3
Conjurations   | 5 |  5.1
Stealth        | |  2.4

Action                     |  1- 3 |  4- 6 || total
---------------------------+-------+-------++-------
  Melee: Whip              |     3 |       ||     3
   Cast: Magic Dart        |    66 |     2 ||    68
         Searing Ray       |     3 |     1 ||     4
 Armour: Robe              |     1 |       ||     1
  Dodge: Dodged            |     8 |     1 ||     9
